 Dungeon Crawl Stone Soup version 0.22-a0-565-gfc6459a (webtiles) character file.

242 Firecrotchwizard the Chopper (level 5, -1/46 HPs)
             Began as a Minotaur Gladiator on June 28, 2018.
             Slain by a bullfrog skeleton (5 damage)
             ... on level 4 of the Dungeon.
             The game lasted 00:03:31 (2245 turns).

Firecrotchwizard the Chopper (Minotaur Gladiator)   Turns: 2245, Time: 00:03:32

Health: -1/46      AC: 11    Str: 18    XL:     5   Next: 82%
Magic:  4/4        EV:  7    Int:  5    God:
Gold:   133        SH:  0    Dex: 13    Spells: 4/4 levels left

rFire    . . .     SeeInvis .   a - +0 war axe
rCold    . . .     Gourm    .   (no shield)
rNeg     . . .     Faith    .   p - +0 plate armour
rPois    .         Spirit   .   c - +0 hat
rElec    .         Reflect  .   (no cloak)
rCorr    .         Harm     .   (no gloves)
MR       .....                  (no boots)
Stlth    ..........             (no amulet)
HPRegen  0.15/turn              s - ring of flight {+Fly, !d}
MPRegen  0.09/turn              t - +1 ring of evasion

@: no status effects
A: retaliatory headbutt, horns 2
a: Evoke Flight


You were on level 4 of the Dungeon.
You were not hungry.

You visited 1 branch of the dungeon, and saw 4 of its levels.

You collected 133 gold pieces.

Inventory:

Hand Weapons
 a - a +0 war axe (weapon)
Missiles
 d - 3 throwing nets {=f, !d}
Armour
 b - a +0 leather armour
 c - a +0 hat (worn)
 p - a +0 plate armour (worn)
   (You found it on level 1 of the Dungeon)
Jewellery
 s - a ring of flight (left hand) {+Fly, !d}
   (You found it on level 2 of the Dungeon)
 t - a +1 ring of evasion (right hand)
   (You found it on level 2 of the Dungeon)
 v - a +4 ring of dexterity {unknown}
   (You took it off a hobgoblin on level 3 of the Dungeon)
 y - a cursed amulet of inaccuracy {unknown}
   (You found it on level 3 of the Dungeon)
Scrolls
 m - 2 scrolls of teleportation {unknown}
 r - a scroll of enchant weapon {unknown}
 w - a scroll of identify {unknown}
 x - a scroll of enchant armour {unknown}
Potions
 e - a potion of berserk rage {unknown}
 g - a potion of magic {unknown}
 h - a potion of might {unknown}
 i - a potion of agility {unknown}
 j - a potion of brilliance {unknown}
 k - 3 potions of curing {unknown}
 l - a potion of heal wounds {unknown}
 n - 3 potions of lignification {unknown}
 q - a potion of invisibility {unknown}
 u - a potion of haste {unknown}
 z - a potion of mutation {unknown}
Comestibles
 f - 3 rations {@e1}
 o - 2 chunks of flesh {@w0}


   Skills:
 + Level 4.2 Fighting
 * Level 6.2 Axes
 - Level 2.0 Throwing
 + Level 3.1 Armour
 - Level 3.3 Dodging


You had 4 spell levels left.
You didn't know any spells.
Your spell library was empty.

Dungeon Overview and Level Annotations

Branches:
Dungeon (4/15)
 Temple: D:4-7

Altars:
Sif Muna
The Shining One

Annotations:
D:3 3 runed doors, Tyrillia's ghost, amateur SpEn


Innate Abilities, Weirdness & Mutations

You reflexively headbutt those who attack you in melee.
You have a pair of horns on your head.


Message History

There is a stone staircase leading up here.
A centaur skeleton is nearby!
You hit the centaur skeleton. The centaur skeleton hits you.
The centaur skeleton hits you but does no damage.
You take 4 damage, and have 36/40 hp.
You slash the centaur skeleton! You headbutt the centaur skeleton.
The centaur skeleton hits you.
The centaur skeleton completely misses you.
You furiously retaliate!
You headbutt the centaur skeleton!
You destroy the centaur skeleton!
You have reached level 5!
MP restored: 4 An orc priest comes into view.
It is wielding a dagger.
A hound comes into view.
The orc priest moves out of view.
A hound is nearby!
A quokka comes into view.
The hound barks!
An orc comes into view.
It is wielding a morningstar of holy wrath.
An orc comes into view. It is wielding a hand axe.
The orc priest invokes the aid of Beogh against you.
Pain shoots through your body!
The orc shouts!
You take 8 damage, and have 30/46 hp. 2 orcs, an orc wizard and a skeleton come into view.
The orc shouts! x3
The orc priest casts a cantrip, but nothing happens.
The orc moves out of view.
The hound completely misses you. You furiously retaliate!
You headbutt the hound.
The orc priest hits you but does no damage.
The hound bites you.
You take 1 damage, and have 29/46 hp.
You are too injured to fight recklessly!
You are too injured to fight recklessly!
You are too injured to fight recklessly!
You hit the orc priest. You closely miss the orc. You slash the hound!
You hit the orc. The hound bites you but does no damage.
The orc barely misses you. You furiously retaliate!
You headbutt the orc!
You kill the orc!
The orc priest hits you but does no damage.
The orc closely misses you. The hound bites you but does no damage.
Your plate armour prevents you from hitting the orc priest.
You hit the hound.
You kill the hound!
You barely miss the orc.
The orc priest hits you but does no damage.
The orc hits you but does no damage. The quokka bites you.
You take 1 damage, and have 28/46 hp.
Your plate armour prevents you from hitting the orc priest.
You headbutt the orc priest! You closely miss the orc.
Your plate armour prevents you from hitting the bullfrog skeleton.
You hit the quokka.
You kill the quokka!
The orc priest hits you but does no damage.
The bullfrog skeleton hits you but does no damage.
The orc hits you with a hand axe. The orc priest barely misses you.
You take 1 damage, and have 27/46 hp.
You hit the orc priest but do no damage.
You closely miss the orc. You hit the orc.
Your plate armour prevents you from hitting the bullfrog skeleton.
The bullfrog skeleton hits you but does no damage.
The orc barely misses you.
The bullfrog skeleton hits you but does no damage.
The orc hits you with a mace.
The orc priest invokes the aid of Beogh against you.
Beogh smites you!
* * * LOW HITPOINT WARNING * * *
You take 17 damage, and have 10/46 hp.
MASSIVE DAMAGE!!
You hit the orc priest.
You kill the orc priest!
Your Fighting skill increases to level 4!
Your Axes skill increases to level 6!
Your Armour skill increases to level 3!
You slash the orc!
You kill the orc!
You hit the orc. You hit the bullfrog skeleton. You slash the orc!
You kill the orc!
The bullfrog skeleton hits you.
* * * LOW HITPOINT WARNING * * *
The orc barely misses you.
The bullfrog skeleton completely misses you.
You take 1 damage, and have 9/46 hp.
The orc wizard hits you but does no damage.
Found a scroll labeled CUINOF CEME.
Found a stone staircase leading down.
You see here a dagger.
Your plate armour prevents you from hitting the orc wizard.
You headbutt the orc wizard! You hit the orc but do no damage.
You barely miss the bullfrog skeleton. The bullfrog skeleton hits you.
* * * LOW HITPOINT WARNING * * *
The orc wizard hits you but does no damage.
The orc hits you but does no damage.
You take 5 damage, and have 4/46 hp.
You slash the orc wizard!
You kill the orc wizard!
You hit the bullfrog skeleton but do no damage.
You closely miss the orc.
The bullfrog skeleton hits you but does no damage.
The bullfrog skeleton hits you.
You die...

.#. ..# .. ?> #. ..
#.####. #.....
#.###....# ###
.........# #<#
.......@)# #.#
.......Zo###.#######
.......†...........#
................##.#
...........#.....#
#.###......#.#.#.# .
#....#.#.#.#...
#....#...#.# ..#
...#.##..##.# .#


You could see an orc and a bullfrog skeleton.

Vanquished Creatures
  A hound (D:4)
  A centaur skeleton (D:4)
  2 orc priests
  An orc wizard (D:4)
  3 adders
  A worm (D:2)
  2 dart slugs (D:1)
  2 leopard geckos (D:1)
  6 orcs
  6 bats
  3 giant cockroaches
  3 goblins
  7 hobgoblins
  3 jackals (D:3)
  8 kobolds
  A quokka (D:4)
  3 frilled lizards
  7 rats
60 creatures vanquished.

Notes
Turn   | Place    | Note
-------+----------+-------------------------------------------
     0 | D:1      | Firecrotchwizard the Minotaur Gladiator began the quest for the Orb.
     0 | D:1      | Reached XP level 1. HP: 18/18 MP: 0/0
   232 | D:1      | Reached skill level 4 in Axes
   232 | D:1      | Reached XP level 2. HP: 23/25 MP: 1/1
   331 | D:1      | Reached skill level 1 in Armour
   414 | D:1      | Found a glowing golden altar of the Shining One.
   873 | D:2      | Reached skill level 3 in Fighting
   873 | D:2      | Reached XP level 3. HP: 13/31 MP: 2/2
  1593 | D:3      | Found a runed gate.
  1593 | D:3      | Found a runed gate.
  1593 | D:3      | Found a runed gate.
  1626 | D:3      | Noticed Tyrillia's ghost (amateur SpEn)
  1647 | D:3      | Reached skill level 2 in Armour
  1647 | D:3      | Reached XP level 4. HP: 38/38 MP: 3/3
  1657 | D:3      | Reached skill level 5 in Axes
  1990 | D:3      | Found a deep blue altar of Sif Muna.
  2233 | D:4      | Reached XP level 5. HP: 37/46 MP: 4/4
  2241 | D:4      | HP: 10/46 [orc priest/divine providence (14)]
  2242 | D:4      | Reached skill level 4 in Fighting
  2242 | D:4      | Reached skill level 6 in Axes
  2242 | D:4      | Reached skill level 3 in Armour
  2244 | D:4      | HP: 4/46 [bullfrog skeleton (5)]
  2245 | D:4      | Slain by a bullfrog skeleton

Vault maps used:
D:1:      minmay_arrival_four_loops, tso_metal_star
D:3:      ebering_ghost_rock_garden, led_sif_pool
D:4:      portal_sewer_entry_a, uniq_menkaure

Skill      XL: |  1  2  3  4  5 |
---------------+----------------+-----
Axes           | 4 5 6 |  6.2
Armour         | 1 2 3 |  3.1
Fighting       | 3 4 |  4.2
Throwing       | |  2.0
Dodging        | |  3.3

Action                   |  1- 3 |  4- 6 || total
-------------------------+-------+-------++-------
Melee: War axe           |    59 |    37 ||    96
       Headbutt          |    11 |     5 ||    16
  Eat: Chunk             |     2 |     2 ||     4
Armor: Leather armour    |    14 |       ||    14
       Plate armour      |     4 |    30 ||    34
Dodge: Dodged            |    35 |    25 ||    60

Table legend:
 A = Spawn XP
 B = Non-spawn XP
 C = Spawn XP percentage of total XP
 D = Spawn monster count
 E = Non-spawn monster count
 F = Spawn count percentage of total count
 G = Total turns spent on level
                    A         B        C        D         E        F      G
               +---------+---------+-------+---------+---------+-------+---------
         Total |       0 |     347 |   0.0 |       0 |      60 |   0.0 |  2245
               +---------+---------+-------+---------+---------+-------+---------
           D:1 |       0 |      35 |   0.0 |       0 |      17 |   0.0 |  1013
           D:2 |       0 |      55 |   0.0 |       0 |      17 |   0.0 |   580
           D:3 |       0 |      85 |   0.0 |       0 |      18 |   0.0 |   635
           D:4 |       0 |     172 |   0.0 |       0 |       8 |   0.0 |    17
               +---------+---------+-------+---------+---------+-------+---------

Vault maps used:
D:1:      minmay_arrival_four_loops, tso_metal_star
D:3:      ebering_ghost_rock_garden, led_sif_pool
D:4:      portal_sewer_entry_a, uniq_menkaure

Table legend:
 A = Turns spent in this place as a percentage of turns spent in the entire game.
 B = Non-inter-level travel turns spent in this place as a percentage of non-inter-level travel turns spent in the entire game.
 C = Inter-level travel turns spent in this place as a percentage of turns spent in this place.
 D = Turns resting spent in this place as a percentage of non-inter-level travel turns spent in this place.
 E = Turns spent auto-exploring this place as a percentage of non-inter-level travel turns spent in this place.
 F = Non-inter-level travel turns spent in this place divided by the number of levels of this place that you've seen.
                   A       B       C       D       E      F
               +-------+-------+-------+-------+-------+----------------------
         Total | 100.0 | 100.0 |   6.2 |  17.2 |  68.0 | 526.5
       Dungeon | 100.0 | 100.0 |   6.2 |  17.2 |  68.0 | 526.5
               +-------+-------+-------+-------+-------+----------------------

Table legend:
 A = Kills in this place as a percentage of kills in entire the game.
 B = Kills by you in this place as a percentage of kills by you in the entire game.
 C = Kills by friends in this place as a percentage of kills by friends in the entire game.
 D = Other kills in this place as a percentage of other kills in the entire game.
 E = Experience gained in this place as a percentage of experience gained in the entire game.
 F = Experience gained in this place divided by the number of levels of this place that you have seen.
                   A       B       C       D       E      F
               +-------+-------+-------+-------+-------+----------------------
         Total | 100.0 | 100.0 |   N/A |   N/A | 100.0 |  86.8
       Dungeon | 100.0 | 100.0 |   N/A |   N/A | 100.0 |  86.8
               +-------+-------+-------+-------+-------+----------------------
